 Dungeon Crawl Stone Soup version 0.29.0-4-gdea44cf6ec (webtiles) character file.

Game seed: 14354296762675930451

487 qw the Cleaver (level 6, -4/53 HPs)
             Began as a Minotaur Fighter on Sept 5, 2022.
             Slain by an iguana (9 damage)
             ... on level 5 of the Dungeon.
             The game lasted 00:01:36 (3519 turns).

qw the Cleaver (Minotaur Fighter)                   Turns: 3519, Time: 00:01:36

Health: -4/53      AC: 11    Str: 21 (23) XL:     6   Next: 89%
Magic:  5/5        EV:  7    Int:  3 (5)  God:
Gold:   194        SH:  9    Dex:  9      Spells: 5/5 levels left

rFire   . . .      SeeInvis +   Y - +0 war axe
rCold   . . .      Faith    .   c - +0 buckler
rNeg    . . .      Spirit   .   n - +0 chain mail
rPois   +          Reflect  +   (helmet restricted)
rElec   .          Harm     .   m - +0 cloak
rCorr   .          Rampage  .   i - +0 pair of gloves
Will    .....                   (no boots)
Stlth   ..........              k - amulet of reflection
HPRegen 0.17/turn               h - ring of poison resistance
MPRegen 0.09/turn               p - ring of see invisible

@: no status effects
A: horns 2, retaliatory headbutt
a: no special abilities


You were on level 5 of the Dungeon.
You visited 1 branch of the dungeon, and saw 5 of its levels.

You collected 194 gold pieces.


Innate Abilities, Weirdness & Mutations

You have a pair of horns on your head.
You reflexively headbutt those who attack you in melee.


   Skills:
 - Level 4.5 Fighting
 + Level 8.5 Axes
 - Level 3.6 Armour
 - Level 1.0 Dodging
 - Level 3.6 Shields


You had 5 spell levels left.
You didn't know any spells.
Your spell library was empty.

Inventory:

Hand Weapons
 q - a +1 vorpal mace
 Y - a +0 war axe (weapon)
Armour
 c - a +0 buckler (worn)
 i - a +0 pair of gloves (worn)
 m - a +0 cloak (worn)
 n - a +0 chain mail (worn)
Jewellery
 h - a ring of poison resistance (left hand)
 k - an amulet of reflection (around neck)
 p - a ring of see invisible (right hand)
Scrolls
 a - a scroll of enchant armour {unknown}
 l - a scroll of identify
Potions
 b - 2 potions of resistance
 d - 2 potions of might
 e - a potion of lignification {unknown}
 f - a potion of heal wounds {unknown}
 r - a potion of haste {unknown}

Dungeon Overview and Level Annotations

Branches:
Dungeon (5/15)
 Temple: D:4-7

Altars:
Cheibriados
Hepliaklqana
Okawaru


Message History

The hound is almost dead.
You hit the iguana.
An orc comes into view. It is wielding a +0 trident.
The iguana closely misses you. You furiously retaliate!
You headbutt the iguana!
You kill the iguana!
You block the hound's attack.
You feel your intelligence returning.
You barely miss the hound. Your headbutt misses the hound.
The hound is almost dead.
The hound bites you but does no damage. x2
You barely miss the hound. Your headbutt misses the hound.
The hound is almost dead.
You block the hound's attack. The hound barely misses you.
You barely miss the hound. You headbutt the hound.
You kill the hound!
The orc hits you but does no damage.
You see here an iguana corpse.
You closely miss the orc. The orc barely misses you.
You barely miss the orc. You block the orc's attack.
You barely miss the orc. You headbutt the orc.
The orc is lightly wounded.
The orc barely misses you.
You slash the orc!
You kill the orc!
An iguana comes into view.
3512 ||| Stepping ~*~*~tactically~*~*~ (stealth).
3513 ||| Stepping ~*~*~tactically~*~*~ (stealth).
You start resting.
A hound comes into view.
The hound barks!
You hear an angry hiss.
The hound bites you but does no damage.
You slash the hound! Your headbutt misses the hound.
The hound is severely wounded.
You block the hound's attack.
You slash the hound!
You kill the hound!
The iguana bites you!
You die...

########## .#
#........###...#
#......%%....l.#
.......)l###.#.
........@#
#........#
#.>.!....#
..........
###.###### #. #
#..#. #....#


You could see an iguana.

Vanquished Creatures
  A centaur (D:5)
  Blork the orc (D:5)
  A scorpion (D:4)
  A necrophage (D:4)
  3 hounds
  An iguana (D:5)
  4 gnolls
  An ufetubus (D:4)
  3 worms
  4 dart slugs
  7 orcs
  8 bats
  7 endoplasms
  4 giant cockroaches
  3 goblins
  7 hobgoblins
  4 quokkas
  7 ball pythons
  3 frilled lizards
  7 kobolds
  2 rats (D:2)
79 creatures vanquished.

Notes
Turn   | Place    | Note
-------+----------+-------------------------------------------
     0 | D:1      | qw the Minotaur Fighter began the quest for the Orb.
     0 | D:1      | Reached XP level 1. HP: 19/19 MP: 0/0
     0 | D:1      | 0 ||| qw: Version: 0.1-a-104-g96f76f8
     0 | D:1      | 0 ||| qw: Game counter: 5940
     0 | D:1      | 0 ||| qw: Always use a shield: true
     0 | D:1      | 0 ||| qw: God list: Ru
     0 | D:1      | 0 ||| qw: Allow faded altars: false
     0 | D:1      | 0 ||| qw: Do Orc after D:15 true
     0 | D:1      | 0 ||| qw: Do second Lair branch before Depths: true
     0 | D:1      | 0 ||| qw: Lair rune preference: random
     0 | D:1      | 0 ||| qw: Plans: Normal
     0 | D:1      | 0 ||| PLANNING D:1-11
    16 | D:1      | 16 ||| Stepping ~*~*~tactically~*~*~ (hiding).
   137 | D:1      | Reached skill level 3 in Axes
   185 | D:1      | Reached XP level 2. HP: 26/26 MP: 1/1
   292 | D:1      | 292 ||| Stepping ~*~*~tactically~*~*~ (hiding).
   293 | D:1      | 293 ||| Stepping ~*~*~tactically~*~*~ (hiding).
   430 | D:1      | Reached skill level 4 in Axes
   577 | D:1      | 577 ||| DROPPING +0 club.
   736 | D:1      | Reached XP level 3. HP: 20/31 MP: 2/2
   995 | D:2      | 995 ||| Stepping ~*~*~tactically~*~*~ (stealth).
  1286 | D:2      | Found a faded altar of an unknown god.
  1440 | D:2      | Reached skill level 5 in Axes
  1448 | D:2      | 1448 ||| Stepping ~*~*~tactically~*~*~ (stealth).
  1451 | D:2      | 1451 ||| Stepping ~*~*~tactically~*~*~ (stealth).
  1516 | D:2      | 1516 ||| UPGRADING to +0 cloak.
  1521 | D:2      | 1521 ||| UPGRADING to +0 chain mail.
  1531 | D:2      | 1531 ||| DROPPING +0 scale mail.
  1532 | D:2      | 1532 ||| READING scroll labelled TOTOAC RIWKUCY.
  1533 | D:2      | 1533 ||| READING scroll labelled DUEGEU SEFI.
  1555 | D:3      | 1555 ||| STAIRDANCE
  1715 | D:3      | Reached XP level 4. HP: 18/39 MP: 3/3
  1719 | D:3      | HP: 9/39 [worm (7)]
  2392 | D:3      | Found a hazy altar of Hepliaklqana.
  2395 | D:3      | 2395 ||| UPGRADING to amulet of reflection.
  2400 | D:3      | 2400 ||| READING 2 scrolls labelled HUOCLI MUGIS.
  2401 | D:3      | 2401 ||| READING scroll labelled IREERA HUMOM.
  2402 | D:3      | 2402 ||| READING scroll labelled SORRIE GIOJUOHE.
  2403 | D:3      | 2403 ||| READING scroll labelled GOH XAS ZYRIA.
  2404 | D:3      | 2404 ||| READING scroll labelled TUZXIS ROZELI.
  2405 | D:3      | 2405 ||| DRINKING 2 viscous grey potions.
  2510 | D:3      | 2510 ||| DROPPING scroll of immolation.
  2511 | D:3      | 2511 ||| DROPPING potion of berserk rage.
  2654 | D:4      | Reached skill level 6 in Axes
  2833 | D:4      | 2833 ||| Stepping ~*~*~tactically~*~*~ (stealth).
  2835 | D:4      | 2835 ||| Stepping ~*~*~tactically~*~*~ (stealth).
  2838 | D:4      | Reached skill level 1 in Dodging
  2839 | D:4      | 2839 ||| Stepping ~*~*~tactically~*~*~ (hiding).
  2866 | D:4      | 2866 ||| DROPPING +0 whip.
  2879 | D:4      | Noticed a scorpion
  2888 | D:4      | Killed a scorpion
  2889 | D:4      | Reached XP level 5. HP: 34/45 MP: 4/4
  3007 | D:4      | Reached skill level 7 in Axes
  3163 | D:4      | Found an iron altar of Okawaru.
  3165 | D:4      | Found a snail-covered altar of Cheibriados.
  3324 | D:4      | 3324 ||| UPGRADING to +0 pair of gloves.
  3329 | D:4      | 3329 ||| UPGRADING to ring of poison resistance.
  3330 | D:4      | 3330 ||| UPGRADING to ring of see invisible.
  3331 | D:4      | 3331 ||| READING 2 scrolls labelled DAEPHE OJATT.
  3335 | D:4      | 3335 ||| DRINKING 2 bubbling ruby potions.
  3336 | D:4      | 3336 ||| DRINKING 3 lumpy blue potions.
  3337 | D:4      | 3337 ||| DRINKING 2 fuming coppery potions.
  3438 | D:4      | 3438 ||| DRINKING 2 glowing amethyst potions.
  3439 | D:4      | 3439 ||| DROPPING potion of degeneration.
  3440 | D:4      | 3440 ||| DROPPING potion of ambrosia.
  3441 | D:4      | 3441 ||| DROPPING potion of brilliance.
  3460 | D:5      | Entered Level 5 of the Dungeon
  3460 | D:5      | Noticed Blork the orc
  3467 | D:5      | Killed Blork the orc
  3468 | D:5      | Reached XP level 6. HP: 53/53 MP: 5/5
  3491 | D:5      | HP: 13/53 [centaur/arrow (14)]
  3492 | D:5      | 3492 ||| READING scroll of teleportation.
  3496 | D:5      | Reached skill level 8 in Axes
  3501 | D:5      | HP: 6/53 [hound (2)]
  3502 | D:5      | HP: 2/53 [hound (3)]
  3512 | D:5      | 3512 ||| Stepping ~*~*~tactically~*~*~ (stealth).
  3513 | D:5      | 3513 ||| Stepping ~*~*~tactically~*~*~ (stealth).
  3519 | D:5      | Slain by an iguana

Levels and vault maps discovered:
D:1:      shiori_arrival_oz, layout_basic
D:2:      layout_rooms, hellmonk_ecumenical_altar_run_dry
D:3:      cheibrodos_helix_gallery, layout_loops_ring,
          nicolae_hepliaklqana_hippocampus, minmay_misc_feat_encased,
          hangedman_glass_teeth
D:4:      layout_rooms, jmf_multi_god_temple, hangedman_decor_opposing
D:5:      layout_rooms, nemelex_dance_club_becter, grunt_decor_junction,
          kennysheep_generic_room_2, uniq_blork_the_orc

Skill      XL: |  1  2  3  4  5  6 |
---------------+-------------------+-----
Axes           | 3 4 5 6 7 8 |  8.5
Dodging        | 1 |  1.0
Fighting       | 4 |  4.5
Armour         | |  3.6
Shields        | |  3.6

Action                   |  1- 3 |  4- 6 || total
-------------------------+-------+-------++-------
Melee: War axe           |    87 |    93 ||   180
       Headbutt          |    11 |    14 ||    25
  Use: Scroll            |     2 |     7 ||     9
       Potion            |       |     5 ||     5
Armor: Scale mail        |    15 |       ||    15
       Chain mail        |    14 |    45 ||    59
Dodge: Dodged            |    37 |    33 ||    70
Block: Buckler           |    12 |    40 ||    52
       Reflection        |       |     3 ||     3

Table legend:
 A = Non-vault XP
 B = Vault XP
 C = Vault XP percentage of total XP
 D = Non-vault monster count
 E = Vault monster count
 F = Vault count percentage of total count
                 A         B        C        D         E       F
            +---------+---------+-------+---------+---------+-------
      Total |     628 |     108 |  14.7 |      72 |       7 |   8.9
            +---------+---------+-------+---------+---------+-------
        D:1 |      42 |       4 |   8.7 |      15 |       2 |  11.8
        D:2 |      38 |       0 |   0.0 |      21 |       0 |   0.0
        D:3 |      28 |       8 |  22.2 |      14 |       2 |  12.5
        D:4 |     248 |       5 |   2.0 |      14 |       2 |  12.5
        D:5 |     272 |      91 |  25.1 |       8 |       1 |  11.1
            +---------+---------+-------+---------+---------+-------
